AoeStats
← serhatdogansurucu

Arena

508222634Analyzed
1v1 RM · 11d ago on Sep 21, 2026· 77m 40s· 2 players
Game mode
Random Map
Map size
Tiny (2 player)
Population
200
Speed
Normal
Resources
Standard
Victory
Conquest
Starting age
Dark Age
Ending age
Imperial Age
RankedLock teamsTeams togetherTeam positionsShared explorationLock speedFull tech treeHidden civsTurbo modeCheats
Victory
Defeat
🇹🇷 Bohemians · Türkiye
732
+18
🇪🇸 Bohemians · Spain
769
-18
serhatdogansurucu
3:56 Loom
10:55 Feudal Age
11:38 Double-Bit Axe
11:40 Horse Collar
17:01 Wheelbarrow
20:16 Castle Age
20:00 Padded Archer Armor
19:51 Fletching
21:26 Bow Saw
21:18 Heavy Plow
24:09 Chemistry
23:28 Leather Archer Armor
23:09 Bodkin Arrow
23:48 Hand Cart
27:49 Town Watch
28:16 Elite Skirmisher
29:53 Husbandry
40:20 Imperial Age
38:51 Wagenburg Tactics
39:49 Ballistics
39:42 Masonry
39:40 Squires
40:09 Scale Barding Armor
40:05 Scale Mail Armor
40:20 Arson
39:56 Man-at-Arms
39:56 Pikeman
41:03 Town Patrol
41:32 Conscription
42:47 Halberdier
43:10 Long Swordsman
45:09 Onager
46:33 Cavalier
46:34 Light Cavalry
49:27 Two-Man Saw
47:54 Crossbowman
52:06 Forging
52:11 Chain Mail Armor
52:27 Ring Archer Armor
52:13 Chain Mail Armor
54:02 Sappers
53:55 Elite Hussite Wagon
57:57 Chain Barding Armor
58:08 Plate Mail Armor
61:11 Bracer
63:52 Iron Casting
63:56 Ring Archer Armor
64:39 Two-Handed Swordsman
65:17 Champion
65:43 Capped Ram
69:08 Blast Furnace
67:54 Treadmill Crane
68:47 Architecture
68:31 Siege Engineers
javiyotxi
7:12 Loom
10:05 Feudal Age
11:19 Double-Bit Axe
18:00 Castle Age
16:24 Horse Collar
18:30 Wheelbarrow
19:58 Bow Saw
23:32 Chemistry
22:28 Murder Holes
22:53 Hand Cart
24:10 Husbandry
27:51 Ballistics
27:34 Padded Archer Armor
27:25 Fletching
28:06 Heavy Plow
30:41 Squires
30:02 Pikeman
32:01 Pikeman
35:54 Imperial Age
34:55 Town Watch
36:32 Cavalier
39:38 Scale Mail Armor
39:49 Forging
39:45 Scale Barding Armor
39:55 Leather Archer Armor
39:36 Bodkin Arrow
44:41 Wagenburg Tactics
43:57 Elite Hussite Wagon
45:58 Siege Engineers
46:48 Chain Mail Armor
47:18 Ring Archer Armor
46:48 Bracer
47:24 Iron Casting
47:09 Chain Barding Armor
47:39 Man-at-Arms
52:22 Houfnice
52:36 Long Swordsman
57:09 Two-Handed Swordsman
61:34 Halberdier
64:50 Guilds
65:24 Town Patrol
68:30 Plate Mail Armor
69:24 Blast Furnace
68:51 Light Cavalry
69:23 Crossbowman
72:12 Elite Skirmisher
Connection lost

Rejoining the realm…

Still unreachable

The connection could not be restored.

Session expired

The server has moved on; the page needs a fresh start.